 Dungeon Sprint DCSS version 0.29-a0-338-g1ff7896281 (webtiles) character file.

Game seed: 17591932772380105862

11 HendSelp the Cudgeller (level 2, -1/29 HPs)
             Began as an Ogre Gladiator on Apr 18, 2022.
             Was an Initiate of Makhleb.
             Slain by a jumping spider (10 damage)
             ... in the Dungeon (Sprint V: "Ziggurat Sprint").
             The game lasted 00:00:45 (95 turns).

HendSelp the Cudgeller (Ogre Gladiator)               Turns: 95, Time: 00:00:46

Health: -1/29      AC: 18    Str: 26    XL:     2   Next: 29%
Magic:  0/0        EV:  2    Int: 15    God:    Makhleb [......]
Gold:   0          SH:  0    Dex: 10    Spells: 1/1 levels left

rFire   + . .      SeeInvis .   v - +5 giant spiked club
rCold   + . .      Faith    .   (shield currently unavailable)
rNeg    + + .      Spirit   .   y - +5 gold dragon scales
rPois   +          Reflect  .   c - +0 hat
rElec   .          Harm     .   (no cloak)
rCorr   .          Rampage  .   (gloves unavailable)
Will    .....      NoTele   +   (boots unavailable)
Stlth   ..........              (no amulet)
HPRegen 0.09/turn               A - +6 ring of strength
MPRegen 0.07/turn               b - ring of Teetu {rPois rN++ MP-9 Str+3 Int+6}

@: no status effects
A: large, unfitting armour, tough skin 1
a: Renounce Religion


You were in the Dungeon.
You worshipped Makhleb.
Makhleb was noncommittal.
You visited 1 branch

Inventory:

Hand Weapons
 v - a +5 giant spiked club (weapon)
Missiles
 d - 3 throwing nets (quivered)
 e - a large rock
Armour
 c - a +0 hat (worn)
 y - +5 gold dragon scales (worn)
Jewellery
 b - the ring of Teetu (right hand) {rPois rN++ MP-9 Str+3 Int+6}
   (You found it in the Dungeon)

   [ring of intelligence]

   Str:       It affects your strength (+3).
   Int:       It affects your intelligence (+6).
   rPois:     It protects you from poison.
   rN:        It greatly protects you from negative energy.
   MP:        It affects your magic capacity (-9).
 A - a +6 ring of strength (left hand)
 B - a +6 ring of strength
Wands
 a - a wand of mindburst (7)
 w - a wand of iceblast (7)
 x - a wand of acid (7)
Scrolls
 k - 4 scrolls of blinking
 q - 4 scrolls of amnesia
 r - 7 scrolls of fog
 s - a scroll of holy word
 t - 5 scrolls of identify
 u - 2 scrolls of fear
Potions
 f - 10 potions of curing
 g - 10 potions of heal wounds
 h - 6 potions of haste
 i - 7 potions of magic
 j - 3 potions of berserk rage
 l - 2 potions of brilliance
 m - 2 potions of invisibility
 n - 4 potions of resistance
 p - 5 potions of might


   Skills:
 + Level 2.8 Fighting
 + Level 7.5 Maces & Flails
 - Level 2.0 Throwing
 - Level 2.6 Dodging


You had one spell level left.
You didn't know any spells.
Your spell library was empty.

Dungeon Overview and Level Annotations

Branches:
Dungeon (1/1)

Altars:
Ashenzari
Cheibriados
Dithmenos
Elyvilon
Fedhas
Gozag
Hepliaklqana
Kikubaaqudgha
Makhleb
Nemelex Xobeh
Okawaru
Qazlal
Ru
Sif Muna
Trog
Uskayaw
Vehumet
Wu Jian
Xom
Yredelemnul
Zin
The Shining One
Beogh
Jiyva
Lugonu

Annotations:
D 1 transporter


Innate Abilities, Weirdness & Mutations

You are too large for most types of armour.
You have tough skin. (AC +1)


Message History

The scorpion stings you but does no damage. x2
Unknown command.
You puncture the scorpion!
The scorpion is severely wounded.
The jumping spider pounces on you.
You are caught in a web!
The jumping spider bites you.
The scorpion stings you but does no damage.
The scorpion stings you.
The jumping spider leaps!
Unknown command.
You are caught in a web!
You are caught in a web!
Unknown command.
Unknown command.
You are caught in a web!
Unknown command.
You are caught in a web!
Unknown command.
You are caught in a web!
Unknown command.
You struggle to detach yourself from the web.
The scorpion stings you but does no damage.
The scorpion stings you.
Unknown command.
Unknown command.
The web tears apart.
The jumping spider leaps!
The scorpion stings you but does no damage. x2
The scorpion stings you. x2
Unknown command.
Unknown command.
Unknown command.
Unknown command.
Unknown command.
Unknown command.
Unknown command.
Unknown command.
You hit the scorpion.
The scorpion is moderately wounded.
The scorpion stings you but does no damage. x2
The jumping spider pounces on you!
You die...

▓▓▓▓▓▓▓▓▓▓▓▓▓
▓.8©8.▓.8©8.▓
▓.)|[.▓.....▓
▓.....▓...=.▓
▓.....▓.....▓
▓.ss..▓.....▓
▓.s@..▓..©..▓
▓..©..▓▓▓▓▓▓▓
▓▓▓▓▓▓▓


You could see a jumping spider and 2 scorpions.

Vanquished Creatures
  An adder skeleton (D)
  A bat skeleton (D)
2 creatures vanquished.

Notes
Turn   | Place    | Note
-------+----------+-------------------------------------------
     0 | D        | HendSelp the Ogre Gladiator began the quest for the Orb.
     0 | D        | Reached XP level 1. HP: 22/22 MP: 1/1
     0 | D        | Found a shimmering blue altar of Sif Muna.
     0 | D        | Found a bloodstained altar of Trog.
     0 | D        | Found a sacrificial altar of Ru.
     0 | D        | Found a stormy altar of Qazlal.
     0 | D        | Found an iron altar of Okawaru.
     1 | D        | Found a sparkling altar of Nemelex Xobeh.
     1 | D        | Found a blossoming altar of Fedhas.
     1 | D        | Found the +6 Majin-Bo {vamp, MP+6 Int+6}
     1 | D        | Found the +9 heavy crossbow "Sniper" {vorpal, Acc+∞ SInv}
     1 | D        | Found the +10 dark maul {vorpal}
     1 | D        | Found the +15 Maxwell's patent armour {-Cast -Tele rElec
                  | Will+ rCorr}
     1 | D        | Found the +18 shield of the Gong {rElec rN+ Will+ EV-5}
     1 | D        | Found the +14 obsidian axe {vorpal, Mesm Drain Fly SInv}
     1 | D        | Found the +7 great mace "Firestarter" {inner flame, rF++}
     1 | D        | Found the +6 shillelagh "Devastator" {shatter}
     1 | D        | Found the +11 plutonium sword {Contam Stlth-}
     1 | D        | Found the +8 lance "Wyrmbane" {slay drac, rPois rF+ rC+
                  | AC+3}
     1 | D        | Found the +9 sword of Zonguldrok {reap}
     1 | D        | Found the +13 scythe of Curses {drain, Drain}
     1 | D        | Found the +5 sword of Power {vorpal}
     1 | D        | Found the +7 mace of Variability {chain chaos}
     1 | D        | Found the +7 Singing Sword {vorpal, sonic wave}
     1 | D        | Found the +8 storm bow {elec, penet}
     3 | D        | Found a transporter.
     3 | D        | Found an ancient bone altar of Kikubaaqudgha.
     3 | D        | Found a viscous altar of Jiyva.
     3 | D        | Found a corrupted altar of Lugonu.
     3 | D        | Found a hazy altar of Hepliaklqana.
     3 | D        | Found a burning altar of Makhleb.
     3 | D        | Found an opulent altar of Gozag.
    11 | D        | Banished a spatial maelstrom
    64 | D        | Became a worshipper of Makhleb the Destroyer
    67 | D        | Reached skill level 7 in Maces & Flails
    67 | D        | Reached XP level 2. HP: 29/29 MP: 2/2
    74 | D        | Entered arena 2.
    74 | D        | Found a transporter.
    83 | D        | Got the ring of Teetu {rPois rN++ MP-9 Str+3 Int+6}
    89 | D        | Entered arena 3.
    89 | D        | Noticed a scorpion
    89 | D        | Noticed a scorpion
    89 | D        | Noticed a jumping spider
    89 | D        | Found a transporter.
    95 | D        | Slain by a jumping spider

Illustrated notes

Levels and vault maps discovered:
D:        sprint_v [room_start, room_1, room_2, room_3, room_4, room_5, room_6,
          room_7, room_8, room_9, room_10, room_11, room_12, room_13, room_14,
          room_15, room_16, room_17, room_18, room_19, room_20, room_21,
          room_22, room_23, room_24, room_25, room_26, room_27]

Skill      XL: |  1 |
---------------+----+-----
Maces & Flails | 7 |  7.5
Fighting       | |  2.8
Throwing       | |  2.0
Dodging        | |  2.6

Action                   || total
-------------------------++-------
Melee: Giant spiked club ||     7
  Use: Potion            ||     1
Armor: Gold dragon scale ||    21
Dodge: Dodged            ||     4

Table legend: (Time is in decaauts)
 A = Elapsed time spent in this place.
 B = Non-inter-level travel time spent in this place.
 C = Inter-level travel time spent in this place.
 D = Time resting spent in this place.
 E = Time spent auto-exploring this place.
 F = Levels seen in this place.
 G = Mean time per level.
                   A        B        C        D        E       F      G
               +--------+--------+--------+--------+--------+-----+--------+
         Total |     95 |     88 |      7 |      0 |      0 |   1 |   95.0 |
       Dungeon |     95 |     88 |      7 |      0 |      0 |   1 |   95.0 |
               +--------+--------+--------+--------+--------+-----+--------+

Top non-repeatable levels by time:
       D: 95 daAuts
